 Dungeon Crawl Stone Soup version 0.29.1-1-gd02db6906a (webtiles) character file.

Game seed: 5633016945653561943

4153 brightshaft the Carver (level 10, -10/58 HPs)
             Began as a Gargoyle Fighter on Sept 23, 2022.
             Was a Priest of Makhleb.
             Mangled by a two-headed ogre
             ... wielding a +0 giant club
              (12 damage)
             ... on level 9 of the Dungeon.
             The game lasted 00:15:24 (7869 turns).

brightshaft the Carver (Gargoyle Fighter)           Turns: 7869, Time: 00:15:25

Health: -10/58     AC: 20    Str: 22    XL:     10   Next: 28%
Magic:  13/13      EV:  7    Int:  9    God:    Makhleb [***...]
Gold:   370        SH:  0    Dex: 11    Spells: 9/9 levels left

rFire   . . .      SeeInvis .   l - +11 plutonium sword {Contam Stlth-}
rCold   + . .      Faith    .   (shield currently unavailable)
rNeg    + . .      Spirit   .   p - +0 plate armour
rPois   ∞          Reflect  .   g - +0 helmet
rElec   +          Harm     .   i - scarf {repulsion}
rCorr   .          Rampage  .   (no gloves)
Will    +....                   (no boots)
Stlth   ..........              (no amulet)
HPRegen 0.19/turn               n - ring of willpower
MPRegen 0.13/turn               j - ring of protection from cold

@: repel missiles
A: sickness immunity, AC +7, negative energy resistance 1, electricity
resistance, torment resistance 1, petrification resistance
a: Renounce Religion, Minor Destruction, Lesser Servant of Makhleb


You were on level 9 of the Dungeon.
You worshipped Makhleb.
Makhleb was most pleased with you.
You visited 1 branch of the dungeon, and saw 9 of its levels.

You collected 475 gold pieces.
You spent 105 gold pieces at shops.

Inventory:

Hand Weapons
 d - a +3 flail of protection
 l - the +11 plutonium sword (weapon) {Contam Stlth-}
   (You acquired it on level 5 of the Dungeon)

   It occasionally inflicts wild transmutation effects on those it strikes,
   inflicting malmutation or extra damage, or polymorphing them into a new form.
   Contam:    It causes magical contamination when unequipped.
   Stlth:     It makes you less stealthy.
 y - a +2 sling of flaming
 B - a +2 halberd of flaming
 C - the +7 long sword "Saeddops" {vorpal, rC+ Dex+4 SInv Stlth+}
   (You found it on level 8 of the Dungeon)

   It inflicts extra damage upon your enemies.
   Dex:       It affects your dexterity (+4).
   rC:        It protects you from cold.
   SInv:      It lets you see invisible.
   Stlth:     It makes you more stealthy.
Armour
 c - a +0 buckler
 g - a +0 helmet (worn)
 i - a scarf of repulsion (worn)
 p - a +0 plate armour (worn)
Jewellery
 e - a +6 ring of intelligence
 j - a ring of protection from cold (right hand)
 n - a ring of willpower (left hand)
Wands
 x - a wand of flame (12)
 z - a wand of paralysis (15)
Scrolls
 a - 2 scrolls of blinking
 f - 4 scrolls of poison
 m - 2 scrolls of amnesia
 v - 3 scrolls of enchant weapon
 w - 3 scrolls of identify
Potions
 b - 4 potions of curing {unknown}
 h - 4 potions of lignification
 k - 2 potions of degeneration {unknown}
 o - 3 potions of might
 q - 3 potions of mutation
 r - 2 potions of flight
 s - 2 potions of haste {unknown}
 t - 2 potions of attraction {unknown}
 u - 3 potions of heal wounds {unknown}
 A - a potion of resistance {unknown}
 D - a potion of cancellation {unknown}
 E - a potion of magic {unknown}
 F - a potion of invisibility {unknown}


   Skills:
 - Level 4.7 Fighting
 * Level 11.0 Long Blades
 - Level 4.9 Maces & Flails
 - Level 4.8 Armour
 - Level 1.6 Dodging
 - Level 4.0 Shields
 - Level 0.4 Spellcasting
 + Level 4.1 Invocations


You had 9 spell levels left.
You didn't know any spells.
Your spell library contained the following spells:

 Spells                   Type           Power      Damage    Failure   Level
 Foxfire                  Conj/Fire      0%         2x1d4     100%        1
 Sting                    Tmut/Pois      0%         1d3       100%        1
 Poisonous Vapours        Pois/Air       0%         N/A       100%        2
 Call Canine Familiar     Summ           0%         N/A       100%        3
 Conjure Flame            Conj/Fire      0%         6-21      100%        3
 Inner Flame              Hex/Fire       0%         N/A       100%        3
 Teleport Other           Tloc           0%         N/A       100%        3
 Tukima's Dance           Hex            0%         N/A       100%        3
 Flame Wave               Conj/Fire      0%         2d4       100%        4
 Olgreb's Toxic Radiance  Pois           0%         N/A       100%        4
 Passage of Golubria      Tloc           0%         N/A       100%        4
 Yara's Violent Unravell  Hex/Tmut       0%         3d3       100%        5
 Dragon's Call            Summ           0%         N/A       100%        9


Dungeon Overview and Level Annotations

Branches:
Dungeon (9/15)             Temple (0/1) D:5
   Lair: D:8-11         Orc: D:9-12

Altars:
Elyvilon
Gozag
Makhleb
Okawaru
Ru
Sif Muna
Wu Jian
Yredelemnul

Shops:
D:3 ?(:[   D:8 (

Annotations:
D:8 2 runed translucent doors, XxsatanxX's ghost, novice MiBe


Innate Abilities, Weirdness & Mutations

You are immune to sickness and miasma.
Your stone body is resilient. (AC +7)
You are immune to poison.
You resist negative energy. (rN+)
You are resistant to electric shocks. (rElec)
You are resistant to unholy torment.
You are immune to petrification.


Message History

The troll bites you but does no damage. The troll claws you!
The troll claws you but does no damage.
You barely miss the troll.
The troll is lightly wounded.
The troll bites you. The troll claws you but does no damage.
The troll claws you.
You slice the troll!!
Mutagenic energy flows through the plutonium sword!
The air around the troll crackles with energy.
The troll twists and deforms.
The troll is heavily wounded.
The troll bites you but does no damage. The troll claws you but does no damage.
The troll barely misses you.
You slice the troll!!
You kill the troll!
Makhleb accepts your kill.
You feel better.
Your Long Blades skill increases to level 11!
Your Invocations skill increases to level 4!
Magic restored.
A two-headed ogre comes into view. It is wielding two +0 giant clubs.
The two-headed ogre shouts in stereo!
Found a ring mail.
A demon appears!
The two-headed ogre completely misses you.
The two-headed ogre hits you with a +0 giant club.
You completely miss the two-headed ogre.
The two-headed ogre hits you with a +0 giant club!!
Ouch! That really hurt!
* * * LOW HITPOINT WARNING * * *
The two-headed ogre hits you with a +0 giant club!
* * * LOW HITPOINT WARNING * * *
Your neqoxec closely misses the two-headed ogre.
You hear a shout!
Your neqoxec gestures at the two-headed ogre.
The two-headed ogre twists and deforms.
The two-headed ogre attacks as you move away!
The two-headed ogre hits you but does no damage.
The two-headed ogre hits you with a +0 giant club!
You die...

#######+#####
########+###...........#
#.........##...........#
#.........##..........[+
#.........##)..........#
#..........#...........#
##.........$....@.......#
.'.........#.....O......#
##.........##...........#
######+#####......3....#
#######..#### .## .. ..
...


You could see a two-headed ogre (misshapen, ally target) and a friendly neqoxec
(summoned).

Vanquished Creatures
  Maggie (D:8)
  A troll (D:9)
  Eustachio (D:5)
  A steam dragon (D:8)
  Menkaure (D:6)
  A water moccasin (D:6)
  A sky beast (D:8)
  2 orc warriors
  3 ice beasts
  3 ogres
  3 centaurs
  2 phantoms (D:6)
  A kobold brigand (D:8)
  6 necrophages (D:6)
  Blork the orc (D:6)
  A bullfrog (D:6)
  2 wyvern zombies (D:6)
  6 wights (D:7)
  3 killer bees (D:9)
  A human zombie (D:6)
  2 hounds (D:4)
  5 orc priests
  2 jellies
  Jessica (D:2)
  2 gnoll boudas
  An iguana (D:5)
  Terence (D:2)
  4 orc wizards
  Robin (D:3)
  2 mummies (D:6)
  A howler monkey zombie (D:6)
  9 gnolls
  6 adders
  3 shadow imps
  A white imp (D:5)
  3 worms
  7 dart slugs
  21 orcs
  4 ball pythons
  7 endoplasms
  A giant cockroach (D:3)
  14 goblins
  10 hobgoblins
  8 jackals
  13 kobolds
  2 quokkas (D:3)
  5 bats
  3 frilled lizards
  8 rats
188 creatures vanquished.

Vanquished Creatures (others)
  A goblin (D:3)
1 creature vanquished.

Grand Total: 189 creatures vanquished

Notes
Turn   | Place    | Note
-------+----------+-------------------------------------------
     0 | D:1      | brightshaft the Gargoyle Fighter began the quest for the
                  | Orb.
     0 | D:1      | Reached XP level 1. HP: 14/14 MP: 1/1
   113 | D:1      | Reached XP level 2. HP: 13/19 MP: 2/2
   519 | D:1      | Reached XP level 3. HP: 19/23 MP: 3/3
   989 | D:1      | Found a faded altar of an unknown god.
  1265 | D:2      | Reached XP level 4. HP: 29/29 MP: 4/4
  1383 | D:2      | Noticed Terence
  1398 | D:2      | Killed Terence
  1929 | D:2      | Noticed Jessica
  1934 | D:2      | Killed Jessica
  1935 | D:2      | Reached XP level 5. HP: 28/33 MP: 5/5
  2226 | D:3      | Found a burning altar of Makhleb.
  2226 | D:3      | Noticed a green death
  2229 | D:3      | Noticed an orange demon
  2229 | D:3      | Noticed a ynoxinul
  2231 | D:3      | Became a worshipper of Makhleb the Destroyer
  2428 | D:3      | Found Rygish's Weapon Shop.
  2436 | D:3      | Found Emeeprop's Magic Scroll Shop.
  2440 | D:3      | Bought a scroll of enchant weapon for 105 gold pieces
  2465 | D:3      | Found Umai's Book Shop.
  2562 | D:3      | Noticed Robin
  2589 | D:3      | Killed Robin
  2589 | D:3      | Reached * piety under Makhleb
  2742 | D:3      | Found a shimmering blue altar of Sif Muna.
  2952 | D:3      | Found Cieley's Antique Armour Shop.
  3075 | D:4      | Found a white marble altar of Elyvilon.
  3085 | D:4      | Reached XP level 6. HP: 32/38 MP: 6/6
  3088 | D:4      | Reached skill level 1 in Invocations
  3221 | D:4      | Reached skill level 1 in Dodging
  3413 | D:4      | Found an iron altar of Okawaru.
  3522 | D:5      | Entered Level 5 of the Dungeon
  3526 | D:5      | Noticed an ice beast
  3651 | D:5      | Killed an ice beast
  3652 | D:5      | Reached XP level 7. HP: 44/44 MP: 8/8
  3865 | D:5      | Identified a scroll of acquirement
  3865 | D:5      | Acquired the +11 plutonium sword {Contam Stlth-}
  3865 | D:5      | Found the +11 plutonium sword {Contam Stlth-}
  3971 | D:5      | Found a staircase to the Ecumenical Temple.
  3975 | D:5      | Noticed Eustachio
  3985 | D:5      | Killed Eustachio
  3986 | D:5      | Reached skill level 1 in Long Blades
  4165 | D:5      | Reached skill level 2 in Long Blades
  4350 | D:6      | Reached XP level 8. HP: 48/48 MP: 10/10
  4366 | D:6      | Reached skill level 3 in Long Blades
  4366 | D:6      | Reached ** piety under Makhleb
  4558 | D:6      | Reached skill level 4 in Long Blades
  4567 | D:6      | Got Sif Muna's Spellbook of the Spatial Flock
  4576 | D:6      | Found an opulent altar of Gozag.
  4698 | D:6      | Reached skill level 5 in Long Blades
  4804 | D:6      | Reached skill level 6 in Long Blades
  4924 | D:6      | Found a basalt altar of Yredelemnul.
  4972 | D:6      | Found an ornate altar of the Wu Jian Council.
  5018 | D:6      | Noticed Menkaure
  5023 | D:6      | Killed Menkaure
  5024 | D:6      | Reached skill level 7 in Long Blades
  5024 | D:6      | Reached XP level 9. HP: 34/52 MP: 11/11
  5298 | D:6      | Reached skill level 8 in Long Blades
  5783 | D:6      | Noticed Blork the orc
  5790 | D:6      | Killed Blork the orc
  6077 | D:7      | Reached *** piety under Makhleb
  6147 | D:7      | Reached skill level 9 in Long Blades
  6774 | D:8      | Found a large runed translucent door.
  6774 | D:8      | Found a large runed translucent door.
  6775 | D:8      | Noticed XxsatanxX's ghost (novice MiBe)
  6779 | D:8      | Noticed Maggie
  6799 | D:8      | Killed Maggie
  6800 | D:8      | Reached skill level 10 in Long Blades
  6987 | D:8      | Reached XP level 10. HP: 48/58 MP: 12/12
  6992 | D:8      | Identified the +7 long sword "Saeddops" {vorpal, rC+ Dex+4
                  | SInv Stlth+}
  7482 | D:8      | Found Juegra Aria's Antique Weapon Shoppe.
  7665 | D:8      | Found a sacrificial altar of Ru.
  7822 | D:9      | Reached skill level 11 in Long Blades
  7862 | D:9      | Noticed a two-headed ogre
  7867 | D:9      | HP: 2/58 [two-headed ogre/+0 giant club (8)]
  7869 | D:9      | Mangled by a two-headed ogre

Illustrated notes

Levels and vault maps discovered:
D:1:      onia_arrival_pentagram, layout_basic,
          hellmonk_ecumenical_altar_inner_sanctum
D:2:      layout_rooms, patterned_corridor, uniq_jessica, uniq_terence
D:3:      layout_loops_ring, mainiacjoe_overflow_surrounded_room,
          makhleb_altar_promises_db, serial_shops, shop, shop, shop, shop,
          uniq_robin
D:4:      layout_rooms, nicolae_overflow_hidden_temple,
          okawaru_metal_pillars_1_2
D:5:      layout_loops_ring, minmay_temple_entry_glassed_door, uniq_eustachio
D:6:      layout_loops_ring, mainiacjoe_overflow_paths,
          lemuel_mausoleum_altar_yredelemnul, lemuel_coloured_pillars_altar,
          grunt_ministairs_5, hangedman_decor_opposing, uniq_blork_the_orc,
          uniq_menkaure
D:7:      layout_basic
D:8:      layout_cave_pools, nicolae_ru_path_of_blood, serial_shops, shop,
          ebering_ghost_disaster_area, grunt_decor_clamped, uniq_maggie
D:9:      layout_roguey, mainiacjoe_overflow_24_doors, overflow_temple_1_default

Skill      XL: |  1  2  3  4  5  6  7  8  9 10 |
---------------+-------------------------------+-----
Maces & Flails | 3 4 |  4.9
Fighting       | 4 |  4.7
Armour         | 4 |  4.8
Shields        | 4 |  4.0
Invocations    | 1 3 4 |  4.1
Dodging        | 1 |  1.6
Long Blades    | 2 7 10 11 | 11.0
Spellcasting   | |  0.4

Action                   |  1- 3 |  4- 6 |  7- 9 | 10-12 || total
-------------------------+-------+-------+-------+-------++-------
Melee: Flail             |    88 |   177 |    13 |       ||   278
       Triple sword      |       |       |   209 |    45 ||   254
Invok: Lesser Servant of |       |       |       |     1 ||     1
  Use: Potion            |     1 |     1 |       |       ||     2
       Scroll            |       |    11 |     2 |       ||    13
Armor: Scale mail        |    47 |       |       |       ||    47
       Chain mail        |    28 |   144 |       |       ||   172
       Plate armour      |       |     5 |   200 |    70 ||   275
Dodge: Dodged            |    52 |    83 |    91 |    23 ||   249
       Repelled          |       |     1 |     1 |       ||     2
Block: Buckler           |    26 |    48 |     2 |       ||    76
